 Dungeon Crawl Stone Soup version 0.19-a0-856-g54f7fbd (webtiles) character file.

68 Arkorax the Insei (level 4, 0/39 HPs)
             Began as a Draconian Monk on July 2, 2016.
             Slain by a kobold
             ... wielding a +0 whip
              (3 damage)
             ... on level 2 of the Dungeon.
             The game lasted 00:01:50 (938 turns).

Arkorax the Insei (Draconian Monk)                   Turns: 938, Time: 00:01:51

Health: 0/39       AC:  5    Str: 13    XL:     4   Next: 1%
Magic:  4/4        EV: 13    Int: 11    God:
Gold:   60         SH:  0    Dex: 14    Spells: 0 memorised, 3 levels left

rFire  . . .     SeeInvis .       - Unarmed
rCold  . . .     Gourm    .     (armour unavailable)
rNeg   . . .     Faith    .     (no shield)
rPois  .         Spirit   .     (helmet restricted)
rElec  .         Dismiss  .     (no cloak)
rCorr  .         Reflect  .     (no gloves)
SustAt .         Harm     .     (no boots)
MR     .....                    e - amulet of inaccuracy (curse)
Stlth  ++........               (no ring)
                                (no ring)

@: not resistant to hostile enchantments, unstealthy
A: unfitting armour, cold-blooded, AC +5
a: no special abilities


You were on level 2 of the Dungeon.
You were full.

You visited 1 branch of the dungeon, and saw 2 of its levels.

You collected 60 gold pieces.

Inventory:

Jewellery
 e - a cursed amulet of inaccuracy (around neck)
Comestibles
 a - a bread ration


   Skills:
 - Level 3.6 Fighting
 + Level 3.4 Dodging
 - Level 1.7 Stealth
 * Level 4.0 Unarmed Combat


You had 3 spell levels left.
You didn't know any spells.

Dungeon Overview and Level Annotations

Branches:
Dungeon (2/15)

Altars:


Innate Abilities, Weirdness & Mutations

Your plain brown scales are hard. (AC +5)
Your body does not fit into most forms of armour.
You are cold-blooded and may be slowed by cold attacks.


Message History

You aren't carrying any items that you can evoke.
Unknown command.
Eat which item? (? for menu, Esc to quit)
You start eating one of the 2 bread rations.
The adder misses you. x2; The kobold hits you but does no damage.
Keep eating?
You continue eating.
The adder bites you but does no damage. The kobold closely misses you.
You continue eating.
The adder closely misses you. The kobold hits you but does no damage.
You finish eating.
That bread ration really hit the spot!
Eat which item? (? for menu, Esc to quit)
You start eating the bread ration.
The adder bites you but does no damage.
Keep eating?
The adder barely misses you. The kobold barely misses you.
You continue eating.
The adder barely misses you. The kobold hits you but does no damage.
You continue eating.
The adder closely misses you. The kobold hits you with a whip.
You die...

##.#####...# .# #.# #...#
####.#### #.# #...#
####.......# #. #...#
#....).....# ..
####...#####.##....##.#
##.(............##....##.#
...........(.............
.............S##....##.#
###.#.>.#.###@##.......#
#.#...#.# #.K.....##.# #
#...#.# #####.### #
#...#.# #.####.# #...#.#
#......## ####...)....#
#.......###.# #.##..#.#
#>##......


You could see an adder and a kobold.

Vanquished Creatures
  An adder (D:2)
  An ooze (D:1)
  2 dart slugs (D:1)
  4 giant geckos
  A giant cockroach (D:1)
  9 goblins (D:1)
  3 hobgoblins
  8 jackals (D:1)
  4 kobolds
  4 bats
  2 giant newts (D:1)
  4 rats (D:1)
43 creatures vanquished.

Notes
Turn   | Place    | Note
-------+----------+-------------------------------------------
     0 | D:1      | Arkorax the Draconian Monk began the quest for the Orb.
     0 | D:1      | Reached XP level 1. HP: 19/19 MP: 1/1
   123 | D:1      | Reached XP level 2. HP: 23/26 MP: 2/2
   367 | D:1      | Reached XP level 3. HP: 21/31 MP: 3/3
   914 | D:2      | Reached skill level 4 in Unarmed Combat
   915 | D:2      | Reached XP level 4. HP: 14/39 MP: 4/4
   927 | D:2      | HP: 1/39 [poisoned by an adder]
   938 | D:2      | Slain by a kobold

Vault maps used:
D:1:      minmay_arrival_arboretum_small, st_stairs_13, serial_bayou_pond_d
D:2:      gammafunk_temple_overflow_statue, old_standard_altar

Skill      XL: |  1  2  3 |
---------------+----------+-----
Dodging        | 3 |  3.4
Unarmed Combat | 4 |  4.0
Fighting       | |  3.6
Stealth        | |  1.7

Action                   |  1- 3 |  4- 6 || total
-------------------------+-------+-------++-------
Melee: Unarmed           |   184 |     6 ||   190
       Tailslap          |    15 |       ||    15
       Punch             |     2 |       ||     2
  Use: Scroll            |     4 |       ||     4
 Stab: Sleeping          |     5 |       ||     5
  Eat: Bread ration      |       |     1 ||     1
Armor: Skin              |    44 |     5 ||    49
Dodge: Dodged            |   122 |    10 ||   132
